 Dungeon Crawl Stone Soup version 0.22-a0-78-g0f8607c (console) character file.

60 Evablue the Charmwright (level 4, -4/38 HPs)
             Began as a Gnoll Skald on Jan 17, 2018.
             Killed from afar by an orc wizard (8 damage)
             ... with a magic dart
             ... on level 2 of the Dungeon.
             The game lasted 00:03:06 (1373 turns).

Evablue the Charmwright (Gnoll Skald)               Turns: 1373, Time: 00:03:07

Health: -4/38      AC:  3    Str: 13    XL:     4   Next: 4%
Magic:  10/11      EV: 13    Int: 17    God:
Gold:   49         SH:  4    Dex: 14    Spells: 4/13 levels left

rFire    . . .     SeeInvis .   a - +0 mace
rCold    . . .     Gourm    .   g - +0 buckler
rNeg     . . .     Faith    .   b - +0 leather armour
rPois    .         Spirit   .   (no helmet)
rElec    .         Reflect  .   (no cloak)
rCorr    .         Harm     .   (no gloves)
MR       .....                  (no boots)
Stlth    +.........             (no amulet)
HPRegen  0.12/turn              (no ring)
MPRegen  0.12/turn              (no ring)

@: no status effects
A: distributed training, fangs 1, strong nose
a: no special abilities


You were on level 2 of the Dungeon.
You were hungry.

You visited 1 branch of the dungeon, and saw 2 of its levels.

You collected 49 gold pieces.

Inventory:

Hand Weapons
 a - a +0 mace (weapon)
Armour
 b - a +0 leather armour (worn)
 g - a +0 buckler (worn)
Scrolls
 e - a scroll of identify {unknown}
Potions
 f - a potion of flight {unknown}
 h - a potion of haste {unknown}
Books
 c - a book of Battle

   Spells                             Type                      Level
   a - Infusion                       Charms                       1
   b - Shroud of Golubria             Charms/Translocation         2
   c - Song of Slaying                Charms                       2
   d - Spectral Weapon                Hexes/Charms                 3
   e - Regeneration                   Charms/Necromancy            3
Comestibles
 d - 2 rations


   Skills:
 + Level 4.6 Fighting
 + Level 1.0 Short Blades
 + Level 1.0 Long Blades
 + Level 1.0 Axes
 + Level 4.6 Maces & Flails
 + Level 1.0 Polearms
 + Level 1.0 Staves
 + Level 1.0 Slings
 + Level 1.0 Bows
 + Level 1.0 Crossbows
 + Level 1.0 Throwing
 + Level 2.7 Armour
 + Level 4.6 Dodging
 + Level 1.0 Stealth
 + Level 1.0 Shields
 + Level 1.0 Unarmed Combat
 + Level 5.0 Spellcasting
 + Level 0.7 Conjurations
 + Level 0.7 Hexes
 + Level 5.4 Charms
 + Level 0.7 Summonings
 + Level 0.7 Necromancy
 + Level 0.7 Translocations
 + Level 0.7 Transmutations
 + Level 0.7 Fire Magic
 + Level 0.7 Ice Magic
 + Level 0.7 Air Magic
 + Level 0.7 Earth Magic
 + Level 0.7 Poison Magic
 + Level 1.1 Invocations
 + Level 1.0 Evocations


You had 4 spell levels left.
You knew the following spells:

 Your Spells              Type           Power        Failure   Level  Hunger
a - Infusion              Chrm           ###.         2%          1    None
b - Shroud of Golubria    Chrm/Tloc      ##........   11%         2    #......
c - Regeneration          Chrm/Necr      ##........   22%         3    ###....
d - Spectral Weapon       Hex/Chrm       ##......     22%         3    ###....


Dungeon Overview and Level Annotations

Branches:
Dungeon (2/15)

Altars:


Innate Abilities, Weirdness & Mutations

Your experience applies equally to all skills.
You have very sharp teeth.
Your uncanny sense of smell can sniff out nearby items.


Message History

You are confused.
You bump into the rock wall.
You bump into the rock wall.
Something hits you.
You bump into the rock wall.
Something hits you but does no damage.
You miss something.
Your skin stops crawling.
Something hits you.
* * * LOW HITPOINT WARNING * * *
You're too confused to move!
You hear some strange, mumbled words.
Something tries to affect you, but you resist.
You bump into the rock wall.
You feel less confused.
You hear some strange, mumbled words.
A magic dart appears from out of thin air!
The magic dart hits you!
* * * LOW HITPOINT WARNING * * *
A magic dart appears from out of thin air!
The magic dart hits you!
You die...

### ##.# ... #.# ###
#.####@########
#..............∆
#..###.########
#.÷###########
#.####..#.........###
#.........).......#..
.......÷.....####..#.#
#######.....<.###..#.#
.............##$.#.######.#


There were no monsters in sight!

Vanquished Creatures
  2 oozes (D:1)
  2 worms
  2 leopard geckos (D:1)
  4 orcs
  A ball python (D:1)
  2 giant cockroaches
  4 goblins
  4 hobgoblins (D:1)
  5 bats
  5 frilled lizards
  5 kobolds
  3 rats (D:1)
39 creatures vanquished.

Notes
Turn   | Place    | Note
-------+----------+-------------------------------------------
     0 | D:1      | Evablue the Gnoll Skald began the quest for the Orb.
     0 | D:1      | Reached XP level 1. HP: 20/20 MP: 6/6
    34 | D:1      | Reached XP level 2. HP: 13/26 MP: 2/7
   445 | D:1      | Reached XP level 3. HP: 23/31 MP: 5/9
   726 | D:1      | Reached skill level 5 in Spellcasting
   959 | D:2      | Reached skill level 1 in Invocations
  1004 | D:1      | Reached skill level 1 in Short Blades
  1004 | D:1      | Reached skill level 1 in Long Blades
  1004 | D:1      | Reached skill level 1 in Axes
  1004 | D:1      | Reached skill level 1 in Polearms
  1004 | D:1      | Reached skill level 1 in Staves
  1004 | D:1      | Reached skill level 1 in Slings
  1004 | D:1      | Reached skill level 1 in Bows
  1004 | D:1      | Reached skill level 1 in Crossbows
  1004 | D:1      | Reached skill level 1 in Throwing
  1004 | D:1      | Reached skill level 1 in Stealth
  1004 | D:1      | Reached skill level 1 in Shields
  1004 | D:1      | Reached skill level 1 in Unarmed Combat
  1004 | D:1      | Reached skill level 1 in Evocations
  1245 | D:1      | Reached XP level 4. HP: 21/38 MP: 6/11
  1249 | D:1      | Learned a level 2 spell: Shroud of Golubria
  1253 | D:1      | Learned a level 3 spell: Regeneration
  1257 | D:1      | Learned a level 3 spell: Spectral Weapon
  1373 | D:2      | Killed from afar by an orc wizard

Vault maps used:
D:1:      minmay_arrival_open_corners

Skill      XL: |  1  2  3 |
---------------+----------+-----
Spellcasting   | 5 |  5.0
Invocations    | 1 |  1.1
Short Blades   | 1 |  1.0
Long Blades    | 1 |  1.0
Axes           | 1 |  1.0
Polearms       | 1 |  1.0
Staves         | 1 |  1.0
Slings         | 1 |  1.0
Bows           | 1 |  1.0
Crossbows      | 1 |  1.0
Throwing       | 1 |  1.0
Stealth        | 1 |  1.0
Shields        | 1 |  1.0
Unarmed Combat | 1 |  1.0
Evocations     | 1 |  1.0
Fighting       | |  4.6
Maces & Flails | |  4.6
Armour         | |  2.7
Dodging        | |  4.6
Conjurations   | |  0.7
Hexes          | |  0.7
Charms         | |  5.4
Summonings     | |  0.7
Necromancy     | |  0.7
Translocations | |  0.7
Transmutations | |  0.7
Fire Magic     | |  0.7
Ice Magic      | |  0.7
Air Magic      | |  0.7
Earth Magic    | |  0.7
Poison Magic   | |  0.7

Action                   |  1- 3 |  4- 6 || total
-------------------------+-------+-------++-------
Melee: Mace              |   112 |    11 ||   123
       Bite              |    10 |     1 ||    11
 Cast: Infusion          |     5 |       ||     5
       Regeneration      |       |     1 ||     1
 Stab: Sleeping          |     2 |       ||     2
  Eat: Chunk             |     1 |       ||     1
Armor: Leather armour    |    39 |     3 ||    42
Dodge: Dodged            |   135 |     6 ||   141
Block: Buckler           |    16 |       ||    16

Table legend:
 A = Spawn XP
 B = Non-spawn XP
 C = Spawn XP percentage of total XP
 D = Spawn monster count
 E = Non-spawn monster count
 F = Spawn count percentage of total count
 G = Total turns spent on level
                    A         B        C        D         E        F      G
               +---------+---------+-------+---------+---------+-------+---------
         Total |       0 |      86 |   0.0 |       0 |      39 |   0.0 |  1373
               +---------+---------+-------+---------+---------+-------+---------
           D:1 |       0 |      66 |   0.0 |       0 |      30 |   0.0 |  1268
           D:2 |       0 |      20 |   0.0 |       0 |       9 |   0.0 |   105
               +---------+---------+-------+---------+---------+-------+---------
